QQQQQ, chaotic female human Rogue ----- |.|..| ----- -...-- |.|.- -----...-- --- # |...`| --..---...| |.-------####--.|(.| ----------------.........| |.........[.....|.-- |.................)..<...-- |.(.------------|.| |..--------...............----...%.| |)| ---- --.....--.--........-----..--- |@|--- |.....-----|-..|.....| --...| --f--.-- --.---- |...|....-- --....- |.)%...| --- ---.-----.-- |...--- -.%....---- |...| - --...| .......).). ---.--- |...-| -....------ -----...-------------....| |...... |.|...................|>-- -.... |..........-------------- --. --...----..| --.-- ---- --- QQQQQ the Rogue Experience level: 8 Strength: 18 Dexterity: 18 Constitution: 13 Intelligence: 10 Wisdom: 12 Charisma: 10 Health: 0(65) Energy: 43(43) Def: 11 Gold: 63 Moves: 4402 Dungeon seed: C_wb77OwRqh4qG3d Game ID: QQQQQ_1498539706 Your Inventory: Coins $ - 63 gold pieces Amulets s - an uncursed amulet versus poison Weapons b - 5 uncursed +0 daggers I - 4 uncursed +0 daggers (in quiver) M - an uncursed +2 dwarvish short sword O - 3 blessed +2 daggers (wielded) Armor q - an uncursed +0 dwarvish cloak (being worn) y - a blessed +0 pair of iron shoes (being worn) L - a cursed -1 dwarvish roundshield (being worn) N - a cursed +0 elven mithril-coat (being worn) Y - an uncursed +0 dwarvish iron helm (being worn) Rings k - an uncursed ring of conflict (on left hand) r - an uncursed ring of poison resistance Wands j - an uncursed wand of secret door detection (1:9) v - an uncursed wand of create monster (0:0) F - a cursed wand of make invisible (0:0) Q - an uncursed wand of digging (0:6) Tools a - an uncursed +0 magical pick-axe e - an uncursed lock pick f - an uncursed sack w - an uncursed mirror B - an uncursed towel V - an uncursed magic lamp (lit) Contents of the sack: 528 gold pieces 7 uncursed food rations an uncursed lembas wafer an uncursed lichen corpse an uncursed lizard corpse an uncursed slime mold an uncursed spellbook of detect monsters an uncursed spellbook of haste self an uncursed spellbook of protection an uncursed spellbook of teleport away an uncursed potion of blindness an uncursed potion of hallucination an uncursed potion of healing a cursed potion of healing an uncursed potion of sickness a cursed potion of sickness an uncursed potion of speed an uncursed credit card 4 uncursed tallow candles (0:200) Spells and supernatural/magical abilities: Name Level Category Fail Memory p - protection 1 clerical 100% 79% t - teleport away 5 escape 100% 96% H - haste self 3 escape 100% 80% W - pray for help -- divine ? -- Your skills at the end: Fighting Skills wands [Basic] Weapon Skills dagger [Expert] short sword [Basic] Spellcasting Skills Final Attributes: You were piously aligned. You were cold resistant. You were stealthy. You caused conflict. You are dead. Vanquished creatures: a ghost an ochre jelly a winter wolf cub a gold golem a lizard a housecat a dwarf lord a blue jelly 2 Uruk-hai 2 rock moles a yellow light 9 gnome lords 3 gnomish wizards a black naga hatchling a guardian naga hatchling a gray ooze 3 elf zombies 2 giant ants a little dog 13 dwarves a homunculus 14 hill orcs 2 rothes 2 iguanas an acid blob 2 hobbits a large kobold a hobgoblin 2 giant rats 4 cave spiders a brown mold 35 gnomes a garter snake a gnome zombie a gecko 3 jackals 4 foxes a goblin 4 sewer rats 7 grid bugs 5 lichens 5 newts 145 creatures vanquished. Voluntary challenges: You used a wielded weapon 89 times, starting on turn 4. You read items or engraved 48 times, starting on turn 125. You never genocided any monsters. You never polymorphed an object. You never changed form. You used no wishes. You never split a pudding. You wrote Elbereth's name 3 times, starting on turn 161. You never violated your personal moral code. Dungeon overview: The Dungeons of Doom: levels 1 to 4 Level 1 a long staircase Level 2 a fountain Level 3 Level 4 a fountain stairs to The Gnomish Mines The Gnomish Mines: levels 5 to 10 Level 5 stairs to The Dungeons of Doom Level 6 Level 7 some shops, a temple to Kos, some fountains, some trees Level 8 Level 9 Level 10 <- You were here History has recorded: On T:1 you entered the Dungeons of Doom to retrieve the Amulet of Yendor! On T:187 you reached level 2 of The Dungeons of Doom. On T:381 you advanced to experience level 2. On T:456 you reached level 3 of The Dungeons of Doom. On T:593 you advanced to experience level 3. On T:841 you reached level 4 of The Dungeons of Doom. On T:1059 you reached level 1 of The Gnomish Mines. On T:1159 you advanced to experience level 4. On T:1451 you advanced to experience level 5. On T:1488 you reached level 2 of The Gnomish Mines. On T:2076 you reached level 3 of The Gnomish Mines. On T:2201 you advanced to experience level 6. On T:3064 you advanced to experience level 7. On T:3299 you reached level 4 of The Gnomish Mines. On T:3978 you reached level 5 of The Gnomish Mines. On T:4059 you reached level 6 of The Gnomish Mines. On T:4372 you advanced to experience level 8. Score breakdown: Gold: 591 ( 9430 points) Experience: 8 levels (14739 points) Exploration: 10 levels ( 20.83%) (13127 points) Discoveries: 16 items ( 5.33%) ( 6928 points) Valuables value: (no points given unless you survive) Artifact value: 0 ( 0 points) Variety of kills: 42 monsters ( 10.97%) ( 9934 points) Turncount: 4402 turns (-1166 points) Survival: died (score multiplied by 80%) Total score: 42393 Latest messages: You are hit by a dagger. You hear some noises nearby. You throw 4 daggers. The 1st dagger hits the hill orc. The 2nd dagger hits the hill orc! You kill the hill orc! The carnivorous ape turns to flee! You strike the carnivorous ape from behind! There are several objects here. (2x) You have a little trouble lifting $ - 27 gold pieces. You have a little trouble lifting I - 3 uncursed daggers (in quiver). You have a little trouble lifting v - a wand of create monster. There are a few objects here. The lynx hits! (2x) The lynx bites! There are several objects here. The lynx hits! (2x) The lynx bites! The lynx hits! The lynx misses. (2x) There are several objects here. The lynx just misses! The lynx hits! You die... Final status: Goodbye QQQQQ the Rogue, killed by a lynx... You died in The Gnomish Mines on dungeon level 10 with 42393 points, and 591 pieces of gold, after 4402 moves. You were level 8 with a maximum of 65 hit points when you died.